 Dungeon Crawl Stone Soup version 0.20.0-8-g6b59dc7 (webtiles) character file.

4861 KleinerIrrer the Carver (level 10, 0/79 HPs)
             Began as a Barachi Fighter on June 2, 2017.
             Was a Believer of Cheibriados.
             Slain by a wolf spider zombie (12 damage)
             ... on level 10 of the Dungeon.
             The game lasted 00:57:19 (8952 turns).

KleinerIrrer the Carver (Barachi Fighter)           Turns: 8952, Time: 00:57:19

Health: 0/79       AC: 15    Str: 31    XL:     10   Next: 50%
Magic:  13/13      EV: 14    Int: 17    God:    Cheibriados [**....]
Gold:   477        SH: 12    Dex: 13    Spells: 8/9 levels left

rFire    + + .     SeeInvis .   a - +4 long sword
rCold    + + .     Gourm    .   c - +0 shield
rNeg     . . .     Faith    .   M - +0 ring mail of Snakes and Ladders {rF++ rC++ Dex-3} (curse)
rPois    .         Spirit   .   p - +2 helmet
rElec    .         Reflect  .   (no cloak)
rCorr    .         Harm     .   n - +1 pair of gloves
MR       .....                  r - +2 pair of boots
Stlth    +.........             (no amulet)
Regen    0.3/turn               y - +3 ring of evasion
MPRegen  0.2/turn               C - +3 ring of intelligence

@: mighty, lethally poisoned (0 -> -37), slowed, drained, very slow
A: +LOS, swims, slowness 1, strong legs 1
a: Hop, Bend Time, Renounce Religion


You were on level 10 of the Dungeon.
You worshipped Cheibriados.
Cheibriados was pleased with you.
You were not hungry.

You visited 2 branches of the dungeon, and saw 11 of its levels.
You also visited: Sewer.

You collected 477 gold pieces.

Inventory:

Hand Weapons
 a - a +4 long sword (weapon)
 g - a +1 flail of crushing
 w - a +0 hunting sling
 B - a +1 dagger of venom
 Y - a cursed +3 great sword of freezing
Missiles
 t - 5 poisoned javelins (quivered)
Armour
 c - a +0 shield (worn)
 n - a +1 pair of gloves (worn)
 p - a +2 helmet (worn)
 r - a +2 pair of boots (worn)
 G - a +1 scale mail of poison resistance
 H - a +2 leather armour of positive energy
 M - the cursed +0 ring mail of Snakes and Ladders (worn) {rF++ rC++ Dex-3}
   (You found it on level 9 of the Dungeon)

   It affects your dexterity (-3).
   It greatly protects you from fire.
   It greatly protects you from cold.
   It has a curse placed upon it.
 N - a +1 ring mail of fire resistance
Jewellery
 k - an uncursed ring of wizardry
 l - an uncursed ring of ice
 y - a +3 ring of evasion (left hand)
 C - a +3 ring of intelligence (right hand)
 F - an uncursed ring of ice
 T - a +3 ring of protection {unknown}
 V - a cursed -3 ring of intelligence
Wands
 Q - a wand of confusion (20/48)
 U - a wand of confusion (21/48)
 W - a wand of polymorph (13/24)
 X - a wand of iceblast (10/15)
Scrolls
 m - 5 scrolls of identify
 o - 5 scrolls of teleportation
 q - 2 scrolls of magic mapping
 s - 4 scrolls of recharging
 u - 9 scrolls of remove curse
 I - 2 scrolls of acquirement {unknown}
 O - a scroll of fog
 P - a scroll of amnesia {unknown}
 S - 2 scrolls of vulnerability {unknown}
Potions
 d - a potion of might
 e - a potion of lignification {unknown}
 h - 5 potions of curing
 j - 5 potions of heal wounds
 z - 3 potions of flight
 A - a potion of agility
 D - a potion of mutation {unknown}
 E - a potion of haste {unknown}
 K - a potion of degeneration {unknown}
Books
 v - a book of Conjurations

   Spells                             Type                      Level
   a - Magic Dart                     Conjuration                  1
   b - Searing Ray                    Conjuration                  2
   c - Dazzling Spray                 Conjuration/Hexes            3
   d - Fulminant Prism                Conjuration/Hexes            4
   e - Force Lance                    Conjuration/Translocation    4
   f - Iskenderun's Mystic Blast      Conjuration                  4
 J - a book of Battle

   Spells                             Type                      Level
   a - Infusion                       Charms                       1
   b - Shroud of Golubria             Charms/Translocation         2
   c - Song of Slaying                Charms                       2
   d - Spectral Weapon                Hexes/Charms                 3
   e - Regeneration                   Charms/Necromancy            3
 R - a book of Maledictions

   Spells                             Type                      Level
   a - Corona                         Hexes                        1
   b - Ensorcelled Hibernation        Hexes/Ice                    2
   c - Confuse                        Hexes                        3
   d - Tukima's Dance                 Hexes                        3
   e - Dazzling Spray                 Conjuration/Hexes            3
Miscellaneous
 b - a lightning rod (4/4)
 Z - a lightning rod (4/4)
Comestibles
 f - 9 bread rations
 i - 5 meat rations
 x - 6 royal jellies
 L - 2 chunks of flesh


   Skills:
 + Level 7.5(6.7) Fighting
 + Level 10.8(9.9) Long Blades
 + Level 7.6(6.9) Armour
 + Level 3.8(3.1) Dodging
 + Level 2.6(2.0) Stealth
 + Level 7.9(7.2) Shields
 * Level 4.2(3.5) Invocations


You had 8 spell levels left.
You knew the following spells:

 Your Spells              Type           Power        Failure   Level  Hunger
a - Magic Dart            Conj           #...         65%         1    ##.....


Dungeon Overview and Level Annotations

Branches:
Dungeon (10/15)            Temple (1/1) D:5
   Lair: D:8-11         Orc: D:9-12

Altars:
Ashenzari
Cheibriados
Dithmenos
Elyvilon
Fedhas
Hepliaklqana
Kikubaaqudgha
Makhleb
Nemelex Xobeh
Okawaru
Ru
Uskayaw
Vehumet
Xom
Yredelemnul
The Shining One

Annotations:
D:10 Sonja


Innate Abilities, Weirdness & Mutations

Shadows flee at your approach. (+LOS)
You can swim through water.
You cover ground slowly.
You can hop short distances.


Message History

Sonja unwields an uncursed blowgun.
Sonja wields an uncursed short sword of venom.
It begins to drip with poison!
Sonja barely misses you.
You riposte.
You slash Sonja!
Sonja is moderately wounded.
Sonja hits you but does no damage.
You are more poisoned.
Sonja hits you but does no damage.
You are more poisoned.
You see here a curare-tipped needle.
* * * LOW HITPOINT WARNING * * *
You feel extremely sick. You block Sonja's attack.
Sonja hits you but does no damage.
You are more poisoned.
Sonja closely misses you.
You block the wolf spider zombie's attack.
The wolf spider zombie misses you.
Sonja gestures wildly while chanting.
Sonja blinks!
The wolf spider zombie hits you!
You die...

##.#. ###.#### . .. #...[..#
# .# #......# ##.######
#.#.##.# .# ........#
###.#..#.# ..# #.......#
#......#>#####...#
#.......###......#...(......
#............#..§ZT.........
#.......###[....@##.........
#.......# #......#####.#....
..####### #####...# # . ..#
######### #...# #.#
#.......# #.).# #(#
#.#####.# #K### ..#
#.#####.###)#
..###...........#
......##.##.#####


You could see a troll, Sonja and a wolf spider zombie.

Vanquished Creatures
  2 two-headed ogres
  The ghost of flt the Destroyer, a novice DrCj (D:7)
  The ghost of pash1 the Chopper, an amateur HOFi (D:4)
  4 ice beasts
  2 sky beasts
  A necrophage (D:8)
  A phantom (D:9)
  2 centaurs
  5 ogres
  A big kobold (Sewer)
  A bullfrog (D:7)
  A scorpion (D:9)
  4 howler monkeys
  4 wights (D:10)
  4 crimson imps
  2 quasits
  2 hounds
  A bullfrog skeleton (D:4)
  4 orc priests
  A jelly (D:5)
  A centaur skeleton (D:8)
  5 orc wizards
  7 worker ants
  3 iguanas
  A hound zombie (D:9)
  3 hound skeletons
  Robin (D:3)
  4 gnolls
  A howler monkey skeleton (D:5)
  3 river rats
  9 adders
  An adder skeleton (D:8)
  2 worms
  A dart slug (D:1)
  5 leopard geckos
  10 orcs
  10 ball pythons
  7 giant cockroaches
  22 goblins
  15 hobgoblins
  8 jackals
  8 kobolds
  6 quokkas
  8 bats
  3 frilled lizards
  A jackal skeleton (D:6)
  A leopard gecko skeleton (D:4)
  A leopard gecko zombie (D:5)
  13 rats
204 creatures vanquished.

Vanquished Creatures (others)
  A shadow imp (D:7)
  6 plants (D:3)
7 creatures vanquished.

Grand Total: 211 creatures vanquished

Notes
Turn   | Place    | Note
-------+----------+-------------------------------------------
     0 | D:1      | KleinerIrrer the Barachi Fighter began the quest for the Orb.
     0 | D:1      | Reached XP level 1. HP: 18/18 MP: 1/1
   195 | D:1      | Reached XP level 2. HP: 24/25 MP: 2/2
   502 | D:1      | Reached XP level 3. HP: 30/30 MP: 3/3
   756 | D:1      | Reached skill level 3 in Long Blades
  1108 | D:2      | Reached XP level 4. HP: 37/37 MP: 4/4
  1218 | D:2      | Found a shadowy altar of Dithmenos.
  1220 | D:2      | Found a radiant altar of Vehumet.
  1220 | D:2      | Found a sparkling altar of Nemelex Xobeh.
  1220 | D:2      | Found a shimmering altar of Xom.
  1221 | D:2      | Found an ancient bone altar of Kikubaaqudgha.
  1221 | D:2      | Found a glowing golden altar of the Shining One.
  1221 | D:2      | Found an iron altar of Okawaru.
  1221 | D:2      | Found a hide-covered altar of Uskayaw.
  1625 | D:2      | Reached skill level 4 in Long Blades
  1738 | D:2      | Reached XP level 5. HP: 42/42 MP: 5/5
  2449 | D:3      | Noticed Robin
  2602 | D:3      | Found a glowing drain.
  2619 | D:3      | Reached skill level 1 in Dodging
  2635 | Sewer    | Entered a sewer
  2835 | Sewer    | Noticed a big kobold
  2891 | Sewer    | Killed a big kobold
  2891 | Sewer    | Reached XP level 6. HP: 44/49 MP: 6/6
  2921 | Sewer    | Found a glowing silver altar of Zin.
  3229 | D:3      | Killed Robin
  3229 | D:3      | Reached skill level 5 in Long Blades
  3575 | D:3      | Noticed a sky beast
  3588 | D:3      | Killed a sky beast
  3588 | D:3      | Reached skill level 5 in Armour
  3588 | D:3      | Reached skill level 5 in Shields
  3588 | D:3      | Reached XP level 7. HP: 32/55 MP: 7/7
  4026 | D:4      | Found a shattered altar of Ashenzari.
  4059 | D:4      | Noticed pash1's ghost (amateur HOFi)
  4097 | D:4      | Killed pash1's ghost
  4097 | D:4      | Reached skill level 5 in Fighting
  4097 | D:4      | Reached skill level 6 in Long Blades
  4712 | D:4      | Reached XP level 8. HP: 62/62 MP: 8/8
  5005 | D:5      | Entered Level 5 of the Dungeon
  5011 | D:5      | Reached skill level 7 in Long Blades
  5116 | D:5      | Learned a level 1 spell: Magic Dart
  5217 | D:5      | Reached skill level 8 in Long Blades
  5291 | D:5      | Found a staircase to the Ecumenical Temple.
  5316 | Temple   | Entered the Ecumenical Temple
  5341 | Temple   | Became a worshipper of Cheibriados the Contemplative
  5487 | D:5      | Found a burning altar of Makhleb.
  5487 | D:5      | Found a white marble altar of Elyvilon.
  5561 | D:5      | Found a shattered altar of Ashenzari.
  5753 | D:6      | Reached skill level 1 in Invocations
  5944 | D:6      | Reached skill level 1 in Stealth
  5944 | D:6      | Reached XP level 9. HP: 55/69 MP: 8/10
  6617 | D:7      | Reached * piety under Cheibriados
  6649 | D:7      | Noticed a two-headed ogre
  6661 | D:7      | Killed a two-headed ogre
  6661 | D:7      | Reached skill level 9 in Long Blades
  6774 | D:7      | Noticed flt's ghost (novice DrCj)
  6801 | D:7      | Killed flt's ghost
  7251 | D:7      | Reached skill level 10 in Long Blades
  7474 | D:8      | Reached XP level 10. HP: 74/79 MP: 12/12
  7620 | D:8      | Reached ** piety under Cheibriados
  8245 | D:9      | Got a translucent ring mail
  8256 | D:9      | Identified the cursed +0 ring mail of Snakes and Ladders {rF++ rC++ Dex-3} (You found it on level 9 of the Dungeon)
  8748 | D:10     | Entered Level 10 of the Dungeon
  8789 | D:10     | Noticed a two-headed ogre
  8797 | D:10     | Killed a two-headed ogre
  8940 | D:10     | Noticed Sonja
  8952 | D:10     | Slain by a wolf spider zombie

Skill      XL: |  1  2  3  4  5  6  7  8  9 10 |
---------------+-------------------------------+-----
Fighting       | 4 5 7 |  7.5
Armour         | 4 5 6 7 |  7.6
Long Blades    | 3 4 5 6 8 10 | 10.8
Shields        | 4 5 6 7 |  7.9
Dodging        | 1 2 3 |  3.8
Invocations    | 1 3 4 |  4.2
Stealth        | 1 2 |  2.6

Action                   |  1- 3 |  4- 6 |  7- 9 | 10-12 || total
-------------------------+-------+-------+-------+-------++-------
Melee: Long sword        |   116 |   261 |   308 |   120 ||   805
 Abil: Hop               |     1 |     1 |       |       ||     2
  Use: Scroll            |       |       |    19 |     1 ||    20
       Potion            |       |       |       |     4 ||     4
 Stab: Sleeping          |       |       |     1 |     1 ||     2
  Eat: Chunk             |     1 |    10 |     7 |     2 ||    20
       Royal jelly       |       |       |     1 |       ||     1
       Bread ration      |       |       |     1 |       ||     1
Armor: Scale mail        |    42 |   100 |    79 |       ||   221
       Leather armour    |       |       |     5 |       ||     5
       Chain mail        |       |       |     8 |       ||     8
       Ring mail         |       |       |     1 |    50 ||    51
Dodge: Dodged            |    39 |    94 |    96 |    77 ||   306
Block: Shield            |    61 |   133 |   126 |    78 ||   398
       Rpst.: Long sword |    19 |    28 |    26 |    14 ||    87
